 Dungeon Crawl Stone Soup version 0.23.2 (webtiles) character file.

Game seed: 5905065753384682281

9048 Borgoz the Nimble (level 11, -2/92 HPs)
             Began as a Ghoul Monk on Apr 4, 2019.
             Was a Believer of Ashenzari.
             Slain by a quokka (3 damage)
             ... on level 10 of the Dungeon.
             The game lasted 00:17:54 (8483 turns).

Borgoz the Nimble (Ghoul Monk)                      Turns: 8483, Time: 00:17:54

Health: -2/92      AC: 13    Str: 22    XL:     11   Next: 40%
Magic:  13/13      EV: 15    Int:  6    God:    Ashenzari [**....]
Gold:   555        SH:  0    Dex: 13    Spells: 10/10 levels left

rFire    + . .     SeeInvis .   z - +1 short sword (elec)
rCold    + . .     Gourm    .   (no shield)
rNeg     + + +     Faith    .   n - +1 ring mail
rPois    ∞         Spirit   .   v - +0 helmet
rElec    .         Reflect  .   o - +0 cloak "Feneurch" {+Inv rPois MR- Regen+}
rCorr    .         Harm     .   m - +0 pair of gloves
MR       .....                  x - +0 pair of boots (curse)
Stlth    +++.......             (no amulet)
HPRegen  0.00/turn              b - ring of protection from fire
MPRegen  0.13/turn              u - +6 ring of strength (curse)

@: rotting, slowed, very slow
A: rotting body, claws 1, carnivore, cold resistance 1, negative energy
resistance 3, inhibited regeneration, torment resistance, unbreathing
a: Curse Item, Scrying, Renounce Religion, Evoke Invisibility


You were on level 10 of the Dungeon.
You worshipped Ashenzari.
Ashenzari was pleased with you.
You were not hungry.

You visited 2 branches of the dungeon, and saw 11 of its levels.

You collected 555 gold pieces.

Inventory:

Hand Weapons
 e - a +2 short sword of protection
 z - a +1 short sword of electrocution (weapon)
 B - a +0 rapier
Missiles
 y - 5 tomahawks (quivered)
Armour
 m - a +0 pair of gloves (worn)
 n - a +1 ring mail (worn)
 o - the +0 cloak "Feneurch" (worn) {+Inv rPois MR- Regen+}
   (You found it on level 5 of the Dungeon)

   It protects you from poison.
   It affects your resistance to hostile enchantments.
   It lets you turn invisible.
   It increases your rate of regeneration.
 v - a +0 helmet (worn)
 x - a cursed +0 pair of boots (worn)
Jewellery
 b - a ring of protection from fire (left hand)
 f - an uncursed ring of flight
 j - an uncursed amulet of faith
 u - a cursed +6 ring of strength (right hand)
 A - an uncursed ring of protection from cold
 C - an uncursed ring of protection from fire
Wands
 l - a wand of flame (8)
Scrolls
 a - a scroll of immolation
 d - 5 scrolls of amnesia
 g - 8 scrolls of teleportation
 h - a scroll of enchant armour
 q - 2 scrolls of identify
 r - 2 scrolls of fog
 s - 3 scrolls of magic mapping
 t - 4 scrolls of remove curse
 w - a scroll of torment
Potions
 i - a potion of flight
 k - 2 potions of degeneration {unknown}
 p - a potion of curing
 D - a potion of cancellation
 E - a potion of lignification {unknown}
 F - a potion of invisibility {unknown}
Comestibles
 c - 14 rations
 G - 5 chunks of flesh


   Skills:
 + Level 7.3 Fighting
 * Level 8.2 Short Blades
 * Level 7.6 Armour
 * Level 8.2 Dodging
 + Level 7.3 Stealth
 + Level 4.4 Evocations


You had 10 spell levels left.
You didn't know any spells.
Your spell library contained the following spells:

 Spells                   Type           Power        Failure   Level  Hunger
 Animate Skeleton         Necr           N/A          58%         1    ##.....
 Pain                     Necr           #...         58%         1    ##.....
 Summon Small Mammal      Summ           #...         58%         1    ##.....
 Call Imp                 Summ           #.......     75%         2    ###....
 Call Canine Familiar     Summ           #.......     92%         3    ####...
 Regeneration             Chrm/Necr      #.........   92%         3    ####...
 Summon Guardian Golem    Hex/Summ       #.......     92%         3    ####...
 Vampiric Draining        Necr           #.........   92%         3    ####...
 Animate Dead             Necr           N/A          100%        4    #####..
 Summon Ice Beast         Ice/Summ       #.......     100%        4    #####..
 Summon Lightning Spire   Summ/Air       #.......     100%        4    #####..


Dungeon Overview and Level Annotations

Branches:
Dungeon (10/15)            Temple (1/1) D:6            Lair (0/6) D:9
    Orc (0/2) D:9

Altars:
Ashenzari
Cheibriados
Dithmenos
Elyvilon
Fedhas
Gozag
Hepliaklqana
Kikubaaqudgha
Makhleb
Nemelex Xobeh
Okawaru
Qazlal
Ru
Sif Muna
Trog
Uskayaw
Vehumet
Wu Jian
Xom
Yredelemnul
Zin
The Shining One


Innate Abilities, Weirdness & Mutations

Your body is rotting away.
You thrive on raw meat.
You are immune to poison.
You have sharp fingernails.
You are carnivorous and can eat meat at any time.
Your flesh is cold resistant. (rC+)
You are immune to negative energy. (rN+++)
You do not regenerate when monsters are visible.
You are immune to unholy pain and torment.
You can survive without breathing.


Message History

You barely miss the wraith.
The wraith is heavily damaged.
The quokka barely misses you. The wraith hits you.
* * * LOW HITPOINT WARNING * * *
You hit the wraith but do no damage. Lightning courses through the wraith!
The wraith is almost destroyed.
The quokka closely misses you. The wraith closely misses you.
You hit the wraith but do no damage.
The wraith is almost destroyed.
The quokka closely misses you. The wraith hits you.
* * * LOW HITPOINT WARNING * * *
You hit the wraith but do no damage.
The wraith is almost destroyed.
The quokka bites you but does no damage.
The wraith closely misses you.
You hit the wraith. Lightning courses through the wraith!!
You destroy the wraith!
The quokka barely misses you. The quokka misses you. The quokka bites you.
You die...

#.# #.......# ,, #.#
#.......# . #.#
#.......#... #.#
#.........#* , ##.#
#.=..)..# #..#
###.##### #.## #..#
#.# #.## #.# #@#
###.#### #r# * *
.......# ###.### * , ,
.......# #.....# ,,
.......###
#.....#*###. ,
)...)....#
**#.....##....,,,
.......#...
*#.....#..# , , ,
.......####.##.......#
###.#### #........###


You could see a quokka.

Vanquished Creatures
  Josephine (D:10)
  A centaur warrior (D:10)
  3 two-headed ogres
  Pikel (D:8)
  2 trolls (D:9)
  A hippogriff (D:7)
  5 wraiths (D:10)
  A wyvern (D:10)
  3 orc warriors
  3 sky beasts
  A black bear (D:6)
  2 phantoms (D:7)
  2 centaurs (D:6)
  A necrophage (D:5)
  2 wolves
  3 ogres
  A big kobold (D:7)
  A bullfrog (D:7)
  A scorpion (D:7)
  A wyvern skeleton (D:10)
  16 killer bees
  3 howler monkeys
  4 wights (D:5)
  An electric eel (D:9)
  3 crimson imps
  A bullfrog zombie (D:6)
  A centaur zombie (D:8)
  2 jellies
  6 hounds
  An orc priest (D:8)
  3 iguanas
  5 orc wizards
  5 worker ants
  A killer bee zombie (D:6)
  A hound skeleton (D:6)
  A howler monkey zombie (D:7)
  6 gnolls (D:3)
  7 adders
  2 shadow imps
  2 oozes
  An adder zombie (D:6)
  4 adder skeletons
  4 worms (D:2)
  A dart slug (D:1)
  4 leopard geckos
  20 orcs
  10 bats
  8 giant cockroaches
  8 goblins
  7 hobgoblins
  2 jackals (D:1)
  16 kobolds
  6 quokkas
  3 ball pythons
  7 frilled lizards
  A jackal skeleton (D:4)
  2 quokka zombies
  6 rats
217 creatures vanquished.

Vanquished Creatures (others)
  A slave (D:8)
  2 orc wizards (D:8)
  2 orcs (D:8)
  2 jackals (D:8)
7 creatures vanquished.

Grand Total: 224 creatures vanquished

Notes
Turn   | Place    | Note
-------+----------+-------------------------------------------
     0 | D:1      | Borgoz the Ghoul Monk began the quest for the Orb.
     0 | D:1      | Reached XP level 1. HP: 19/19 MP: 0/0
   265 | D:1      | Reached XP level 2. HP: 12/26 MP: 1/1
   708 | D:1      | Reached skill level 1 in Armour
   946 | D:1      | Reached XP level 3. HP: 30/30 MP: 2/2
  1426 | D:2      | Reached XP level 4. HP: 38/38 MP: 3/3
  1768 | D:2      | Reached XP level 5. HP: 30/46 MP: 4/4
  2407 | D:3      | Found an opulent altar of Gozag.
  2498 | D:3      | Found a burning altar of Makhleb.
  2704 | D:4      | Noticed an ogre
  2713 | D:4      | Killed an ogre
  2713 | D:4      | Reached XP level 6. HP: 52/52 MP: 5/5
  3458 | D:5      | Entered Level 5 of the Dungeon
  3493 | D:5      | Reached XP level 7. HP: 55/59 MP: 6/6
  3559 | D:5      | HP: 3/60 [wight/cursed +3 halberd of freezing (1)]
  3892 | D:5      | Got a jewelled cloak
  3898 | D:5      | Identified the cursed +0 cloak "Feneurch" {+Inv rPois MR-
                  | Regen+} (You found it on level 5 of the Dungeon)
  4152 | D:5      | Found a blossoming altar of Fedhas.
  4200 | D:5      | Reached XP level 8. HP: 45/66 MP: 7/7
  4276 | D:5      | Found a sacrificial altar of Ru.
  4491 | D:6      | Found a blossoming altar of Fedhas.
  4513 | D:6      | Reached skill level 5 in Dodging
  4513 | D:6      | Reached skill level 1 in Evocations
  4538 | D:6      | Reached skill level 5 in Short Blades
  4771 | D:6      | Reached skill level 5 in Fighting
  4849 | D:6      | Found a staircase to the Ecumenical Temple.
  4924 | Temple   | Entered the Ecumenical Temple
  4937 | Temple   | Became a worshipper of Ashenzari the Shackled
  4937 | Temple   | Reached * piety under Ashenzari
  4937 | Temple   | Reached ** piety under Ashenzari
  5236 | D:6      | Found a glowing silver altar of Zin.
  5341 | D:7      | Found an ancient bone altar of Kikubaaqudgha.
  5353 | D:7      | Noticed a hippogriff
  5405 | D:7      | Killed a hippogriff
  5405 | D:7      | Reached skill level 5 in Stealth
  5405 | D:7      | Reached XP level 9. HP: 38/72 MP: 9/9
  5557 | D:7      | Reached skill level 5 in Armour
  5923 | D:7      | Found a glowing golden altar of the Shining One.
  6527 | D:8      | Found a hide-covered altar of Uskayaw.
  6559 | D:8      | Noticed Pikel
  6609 | D:8      | Killed Pikel
  6645 | D:8      | Found an iron altar of Okawaru.
  6645 | D:8      | Found a stormy altar of Qazlal.
  6649 | D:8      | Found a shadowy altar of Dithmenos.
  6708 | D:8      | Reached XP level 10. HP: 37/83 MP: 11/11
  6892 | D:9      | Found a staircase to the Lair.
  7076 | D:9      | Found a staircase to the Orcish Mines.
  7319 | D:9      | Found a snail-covered altar of Cheibriados.
  7375 | D:9      | Noticed a two-headed ogre
  7390 | D:9      | Killed a two-headed ogre
  7577 | D:9      | Noticed a two-headed ogre
  7590 | D:9      | Killed a two-headed ogre
  7800 | D:9      | Found a sparkling altar of Nemelex Xobeh.
  8117 | D:10     | Entered Level 10 of the Dungeon
  8141 | D:10     | Noticed a two-headed ogre
  8146 | D:10     | Killed a two-headed ogre
  8146 | D:10     | Reached XP level 11. HP: 58/91 MP: 11/13
  8228 | D:10     | Noticed a centaur warrior
  8233 | D:10     | Killed a centaur warrior
  8293 | D:10     | Noticed Josephine
  8446 | D:10     | Killed Josephine
  8480 | D:10     | HP: 1/92 [wraith[Josephine] (5)]
  8483 | D:10     | Slain by a quokka

Skill      XL: |  1  2  3  4  5  6  7  8  9 10 11 |
---------------+----------------------------------+-----
Dodging        | 3 4 5 6 7 8 |  8.2
Armour         | 1 2 3 4 5 7 |  7.6
Short Blades   | 3 4 5 6 7 8 |  8.2
Stealth        | 3 4 5 6 7 |  7.3
Fighting       | 4 5 6 7 |  7.3
Evocations     | 1 3 4 |  4.4

Action                   |  1- 3 |  4- 6 |  7- 9 | 10-12 || total
-------------------------+-------+-------+-------+-------++-------
Melee: Short sword       |   135 |   277 |   587 |   274 ||  1273
Throw: Throwing net      |       |     1 |     1 |     3 ||     5
       Tomahawk          |       |       |       |     1 ||     1
Invok: Curse Item        |       |       |       |     1 ||     1
Evoke: Wand              |       |       |     5 |     6 ||    11
  Use: Scroll            |     1 |     5 |     4 |     3 ||    13
       Potion            |     1 |     2 |     7 |     1 ||    11
 Stab: Sleeping          |     6 |     1 |     5 |     6 ||    18
       Held in net/web   |       |       |     1 |     1 ||     2
  Eat: Chunk             |    12 |    13 |    16 |    20 ||    61
Armor: Robe              |    31 |    31 |       |       ||    62
       Ring mail         |       |    61 |   202 |    93 ||   356
Dodge: Dodged            |    95 |   146 |   375 |   249 ||   865
